 Dungeon Crawl Stone Soup version 0.20-a0-420-g83c570d (webtiles) character file.

35 TheGoonsmith the Skirmisher (level 3, -1/29 HPs)
             Began as a Formicid Abyssal Knight on Dec 31, 2016.
             Was a Believer of Lugonu.
             Slain by an adder (2 damage)
             ... on level 2 of the Dungeon.
             The game lasted 00:02:06 (1638 turns).

TheGoonsmith the Skirmisher (FoAK)                  Turns: 1638, Time: 00:02:07

Health: -1/29      AC:  5    Str: 17    XL:     3   Next: 52%
Magic:  4/4        EV: 11    Int: 11    God:    Lugonu [**....]
Gold:   128        SH:  3    Dex: 10    Spells: 2/2 levels left

rFire  . . .     SeeInvis +     j - +0 battleaxe
rCold  . . .     Gourm    .     b - +0 leather armour
rNeg   . . .     Faith    .     d - +0 buckler
rPois  .         Spirit   .     (helmet unavailable)
rElec  .         Reflect  .     h - +0 cloak
rCorr  .         Harm     .     f - +0 pair of gloves (curse)
MR     .....                    (no boots)
Stlth  +.........               (no amulet)
                                (no ring)
                                (no ring)

@: no status effects
A: permanent stasis, dig shafts and tunnels, four strong arms, antennae 3
a: Dig, Shaft Self, Depart the Abyss, Bend Space, Renounce Religion


You were on level 2 of the Dungeon.
You worshipped Lugonu.
Lugonu was pleased with you.
You were not hungry.

You visited 1 branch of the dungeon, and saw 2 of its levels.
You visited the Abyss 1 time.

You collected 128 gold pieces.

Inventory:

Hand Weapons
 a - a +1 hand axe
 j - a +0 battleaxe (weapon)
Armour
 b - a +0 leather armour (worn)
 d - a +0 buckler (worn)
 f - a cursed +0 pair of gloves (worn)
 h - a +0 cloak (worn)
Scrolls
 e - a scroll of amnesia {unknown}
Comestibles
 c - 2 bread rations
 g - a royal jelly
 i - 3 chunks of flesh


   Skills:
 + Level 3.5 Fighting
 * Level 2.9 Axes
 - Level 2.1 Armour
 - Level 1.1 Dodging
 * Level 1.6 Shields
 - Level 2.1 Invocations


You had 2 spell levels left.
You didn't know any spells.

Dungeon Overview and Level Annotations

Branches:
Dungeon (2/15)

Altars:


Innate Abilities, Weirdness & Mutations

You cannot be hasted, slowed, berserked, paralysed or teleported.
You can dig through walls and to a lower floor.
Your four strong arms can wield two-handed weapons with a shield.
You have a pair of large antennae on your head. (SInv)


Message History

* * * LOW HITPOINT WARNING * * *
The adder bites you.
* * * LOW HITPOINT WARNING * * *
The hobgoblin hits you.
* * * LOW HITPOINT WARNING * * *
You aren't carrying any potions.
Okay, then.
You closely miss the adder. You hit the hobgoblin.
You kill the hobgoblin!
Lugonu accepts your kill. The adder barely misses you. x2
You barely miss the adder.
* * * LOW HITPOINT WARNING * * *
You feel sick.
You are no longer poisoned.
The adder bites you but does no damage. The adder closely misses you.
You miss the adder. You block the adder's attack. x2
Unknown command.
You closely miss the adder. The adder bites you.
You die...

. ###########
....#########.........#
......S@......#.##.##.##
..>.##†..######.##......
. #.....# #.##......
##...## #.##...... ##.##
#.###..... #.#
#.###..... #.#
#.......## #+# #######.#
#.#


You could see an adder.

Vanquished Creatures
  2 dart slugs (D:1)
  A leopard gecko (D:1)
  4 bats (D:1)
  3 giant cockroaches (D:1)
  4 goblins
  3 hobgoblins
  2 jackals (D:2)
  3 frilled lizards
  4 kobolds
  4 rats
30 creatures vanquished.

Notes
Turn   | Place    | Note
-------+----------+-------------------------------------------
     0 | Abyss:1  | TheGoonsmith the Formicid Abyssal Knight began the quest for the Orb.
     0 | Abyss:1  | Reached XP level 1. HP: 18/18 MP: 2/2
    62 | D:1      | Escaped the Abyss
    66 | D:1      | Reached skill level 1 in Dodging
   116 | D:1      | Reached XP level 2. HP: 6/24 MP: 3/3
  1046 | D:1      | Reached skill level 1 in Shields
  1046 | D:1      | Reached XP level 3. HP: 22/29 MP: 4/4
  1194 | D:1      | Reached ** piety under Lugonu
  1634 | D:2      | HP: 1/29 [hobgoblin (5)]
  1638 | D:2      | Slain by an adder

Vault maps used:
D:1:      dpeg_arrival_chambers_temple_mockup
D:2:      overflow_temple_1_default

Skill      XL: |  1  2 |
---------------+-------+-----
Dodging        | 1 |  1.1
Shields        | 1 |  1.6
Fighting       | |  3.5
Axes           | |  2.9
Armour         | |  2.1
Invocations    | |  2.1

Action                   || total
-------------------------++-------
Melee: Hand axe          ||    89
       Battleaxe         ||    16
  Eat: Chunk             ||     2
Armor: Leather armour    ||    35
Dodge: Dodged            ||    62
Block: Buckler           ||    17
